 Dungeon Crawl Stone Soup version 0.31.0-11-ge490571c62 (webtiles) character file.

Game seed: 2814035981952351750

3523 qw the Skirmisher (level 9, 0/54 HPs)
             Began as a Deep Elf Hunter on Feb 4, 2024.
             Slain by a gnoll sergeant
             ... wielding a +4 spear of distortion
              (3 damage)
             ... on level 7 of the Dungeon.
             The game lasted 00:00:38 (6316 turns).

qw the Skirmisher (Deep Elf Hunter)                 Turns: 6316, Time: 00:00:39

Health: 0/54       AC: 14    Str: 12    XL:     9   Next: 81%
Magic:  0/11       EV: 12    Int: 15    God:
Gold:   674        SH:  0    Dex: 18    Spells: 8/8 levels left

rFire   . . .        d - +1 orcbow
rCold   + . .        (shield currently unavailable)
rNeg    . . .        j - +2 scale mail {rC+}
rPois   +            (no helmet)
rElec   .            g - +2 cloak
rCorr   .            k - +1 Delatra's gloves {ID++}
SInv    +            (no boots)
Will    .....        f - amulet of guardian spirit
Stlth   +            b - ring "Wedarinoty" {rPois SInv}
HPRegen 0.29/turn    (no ring)
MPRegen 0.12/turn

%: guardian spirit
@: about to teleport, hasted, very quick
A: no striking features
a: no special abilities


You were on level 7 of the Dungeon.
You visited 2 branches of the dungeon, and saw 8 of its levels.
You also visited: Ossuary.

You collected 1121 gold pieces.
You spent 447 gold pieces at shops.


   Skills:
 - Level 5.2 Fighting
 + Level 14.5 Ranged Weapons
 - Level 3.2 Armour
 - Level 7.1 Dodging
 - Level 1.2 Stealth


You had 8 spell levels left.
You didn't know any spells.
Your spell library was empty.

Inventory:

Hand Weapons
 d - a +1 orcbow (weapon)
Armour
 g - a +2 cloak (worn)
 j - a +2 scale mail of cold resistance (worn)
 k - the +1 Delatra's gloves (worn) {ID++}
   (You found it on level 4 of the Dungeon)

   ID++:      It heals its wearer when they drink unknown potions, and restores
   their MP when they read unknown scrolls.
Jewellery
 b - the ring "Wedarinoty" (left hand) {rPois SInv}
   (You found it on level 2 of the Dungeon)

   [ring of see invisible]

   rPois:     It protects you from poison SInv: It lets you see invisible.
 f - an amulet of guardian spirit (around neck)
Scrolls
 a - a scroll of identify
 c - 2 scrolls of teleportation
Potions
 e - 5 potions of heal wounds
 h - 12 potions of curing
 l - 2 potions of might
 m - 2 potions of cancellation
 n - a potion of mutation
 o - a potion of enlightenment
 p - a potion of haste
 s - a potion of resistance {unknown}
 t - a potion of lignification {unknown}
 w - a potion of magic {unknown}

Dungeon Overview and Level Annotations

Branches:
Dungeon (7/15)             Temple (1/1) D:4         Ossuary (visited)

Altars:
Ashenzari
Cheibriados
Dithmenos
Fedhas
Gozag
Hepliaklqana
Kikubaaqudgha
Nemelex Xobeh
Qazlal
Ru
Sif Muna
Uskayaw
Vehumet
Yredelemnul
Zin
The Shining One

Shops:
D:3 *   D:5 !

Annotations:
D:3 1 runed translucent door, exclusion: 2 goblins, Crazy Yiuf


Message History

A gnoll comes into view. It is wielding a +0 whip.
You shoot an arrow. The gnoll shouts!
The arrow hits the gnoll sergeant but does no damage.
The gnoll sergeant is moderately wounded.
You hear a shout!
You shoot an arrow.
The arrow barely misses the gnoll sergeant.
The gnoll sergeant hits you but does no damage.
Space warps around you.
The gnoll sergeant hits you from afar with a +4 spear of distortion.
Space warps horribly around you!
You shoot an arrow. The gnoll sergeant blocks the arrow.
The gnoll sergeant misses you.
You shoot an arrow. The arrow hits the gnoll sergeant.
The gnoll sergeant is heavily wounded.
A gnoll comes into view. It is wielding a +0 halberd.
The gnoll sergeant misses you.
You shoot an arrow. The arrow hits the gnoll.
The gnoll is lightly wounded.
A gnoll comes into view. It is wielding a +0 whip.
The gnoll sergeant hits you from afar with a +4 spear of distortion.
Space warps horribly around you! The gnoll hits you with a +0 whip.
You shoot an arrow.
The arrow hits the gnoll but does no damage.
The gnoll sergeant completely misses you.
A gnoll comes into view. It is wielding a +0 whip. x2
The gnoll sergeant hits you from afar with a +4 spear of distortion!
The gnoll closely misses you.
6315 ||| DRINKING 2 potions of haste.
You feel yourself speed up.
The gnoll shouts!
The gnoll sergeant hits you from afar with a +0 spear.
The gnoll sergeant closely misses you. The gnoll barely misses you.
6316 ||| READING 3 scrolls of teleportation.
As you read the scroll of teleportation, it crumbles to dust.
You feel strangely unstable. The gnoll sergeant closely misses you.
The gnoll sergeant hits you from afar with a +4 spear of distortion!
Space warps around you.
You die...

##...### ##..###
##..## #..## ##.##
#.# ##.## ##..##
##.## #....##
###g### ......#
####@gggg####
......#
####...###ggg..###
.
......####...####
###g....##....
......#....###
##.#........
........####
#.###......
......### #.#
#)... #..##.##
##### ##. ... ##
#..# ##..... . ..
##.##........## .#


You could see 2 gnoll sergeants and 7 gnolls.

Vanquished Creatures
  Sigmund (D:4)
  A wyvern (D:5)
  Edmund (D:4)
  2 water moccasins (D:6)
  3 orc warriors
  A sky beast (D:7)
  2 ice beasts
  2 black bears
  2 ogres (D:5)
  A bullfrog (D:7)
  2 scorpions
  4 wights (D:6)
  6 killer bees (D:5)
  A howler monkey (D:4)
  4 bombardier beetles
  3 hounds
  3 jellies
  An orc priest (D:4)
  A gnoll bouda (D:5)
  3 iguanas
  Jessica (D:3)
  3 sleepcaps
  Ijyb (D:3)
  Natasha (D:3)
  7 orc wizards
  8 mummies (Ossuary)
  10 adders
  13 gnolls
  2 shadow imps (D:6)
  2 ufetubi (D:6)
  4 dart slugs
  2 ribbon worms (D:2)
  16 orcs
  13 ball pythons
  2 bats
  3 endoplasms (D:1)
  3 giant cockroaches
  4 gnoll zombies (Ossuary)
  13 goblins
  12 hobgoblins
  6 jackals
  13 kobolds
  4 quokkas
  6 frilled lizards
  3 kobold zombies (Ossuary)
  An orc zombie (Ossuary)
  8 rats
205 creatures vanquished.

Notes
Turn   | Place    | Note
-------+----------+-------------------------------------------
     0 | D:1      | qw the Deep Elf Hunter began the quest for the Orb.
     0 | D:1      | Reached XP level 1. HP: 12/12 MP: 3/3
     0 | D:1      | 0 ||| qw: Version: 0.3-a-160-g6735b56
     0 | D:1      | 0 ||| qw: Game counter: 4697
     0 | D:1      | 0 ||| qw: Melee chars always use a shield: true
     0 | D:1      | 0 ||| qw: God list: Okawaru
     0 | D:1      | 0 ||| qw: Allow faded altars: false
     0 | D:1      | 0 ||| qw: Do Orc after clearing Dungeon:15 true
     0 | D:1      | 0 ||| qw: Do second Lair branch before Depths: true
     0 | D:1      | 0 ||| qw: Lair rune preference: random
     0 | D:1      | 0 ||| qw: Goals: Normal
     0 | D:1      | 0 ||| PLANNING D:1-11
    48 | D:1      | Reached XP level 2. HP: 16/16 MP: 4/4
    71 | D:1      | Reached skill level 6 in Ranged Weapons
   392 | D:1      | 392 ||| UPGRADING to +0 ring mail.
   397 | D:1      | 397 ||| UPGRADING to +0 leather armour.
   418 | D:1      | 418 ||| UPGRADING to +0 ring mail.
   428 | D:1      | 428 ||| DROPPING +0 leather armour.
   429 | D:1      | 429 ||| UPGRADING to +2 cloak.
   486 | D:1      | Reached XP level 3. HP: 17/20 MP: 5/5
   799 | D:1      | 799 ||| READING scroll labelled JIEXZODECKE.
   800 | D:1      | 800 ||| READING 2 scrolls labelled YFIUJU SOABAK.
   800 | D:1      | 800 ||| BRANDING +0 shortbow.
   801 | D:1      | 801 ||| READING scroll of brand weapon.
   801 | D:1      | 801 ||| BRANDING +0 shortbow of electrocution.
   802 | D:1      | 802 ||| READING scroll labelled GUKULO OWIUCZEBB.
   806 | D:1      | 806 ||| DRINKING 2 metallic ruby potions.
   807 | D:1      | 807 ||| DROPPING scroll of butterflies.
   828 | D:2      | 828 ||| STAIRDANCE
   898 | D:2      | Reached skill level 7 in Ranged Weapons
   900 | D:2      | 900 ||| RETREEEEATING.
   924 | D:2      | Reached XP level 4. HP: 25/25 MP: 6/6
   961 | D:2      | Identified the ring "Wedarinoty" {rPois SInv}
  1148 | D:2      | Reached skill level 8 in Ranged Weapons
  1428 | D:2      | HP: 5/25 [ribbon worm (5)]
  1429 | D:2      | 1429 ||| READING 2 scrolls of teleportation.
  1431 | D:2      | 1431 ||| Stepping randomly (stuck).
  1656 | D:2      | 1656 ||| DROPPING scarf of invisibility.
  1657 | D:2      | 1657 ||| DROPPING amulet of magic regeneration.
  1658 | D:2      | 1658 ||| UPGRADING to ring "Wedarinoty" {rPois SInv}.
  1659 | D:2      | 1659 ||| READING scroll labelled COSOPPOJAWA.
  1760 | D:2      | 1760 ||| DRINKING 3 red potions.
  1761 | D:2      | 1761 ||| DROPPING 2 potions of degeneration.
  1821 | D:3      | Found a runed translucent door.
  1822 | D:3      | Noticed Crazy Yiuf
  1867 | D:3      | Reached XP level 5. HP: 21/29 MP: 7/7
  1936 | D:3      | Found a faded altar of an unknown god.
  2005 | D:3      | Identified the +5 sling of Punishment {elec, rN+}
  2007 | D:3      | 2007 ||| SWAPPING to +5 sling of Punishment {elec, rN+}.
  2008 | D:3      | 2008 ||| DROPPING +0 shortbow of flaming.
  2026 | D:3      | Found a shadowy altar of Dithmenos.
  2028 | D:3      | Noticed Jessica
  2030 | D:3      | Killed Jessica
  2064 | D:3      | Noticed Ijyb
  2068 | D:3      | Killed Ijyb
  2069 | D:3      | Reached skill level 9 in Ranged Weapons
  2170 | D:3      | Found Urumesur's General Store.
  2174 | D:3      | 2174 ||| SHOPLISTING +11 orcbow of Muopledgh {freeze,
                  | Will++} (1069 gold, have 168).
  2174 | D:3      | 2174 ||| SHOPLISTING +2 pair of boots of rampaging (279
                  | gold, have 168).
  2174 | D:3      | 2174 ||| SHOPLISTING +2 ring mail of cold resistance (273
                  | gold, have 168).
  2174 | D:3      | 2174 ||| BUYING scroll of identify (26 gold).
  2174 | D:3      | Bought a scroll of identify for 26 gold pieces
  2174 | D:3      | 2174 ||| BUYING wand of flame (14) (127 gold).
  2174 | D:3      | Bought a wand of flame (14) for 127 gold pieces
  2219 | D:3      | 2219 ||| FLEEEEING.
  2220 | D:3      | 2220 ||| FLEEEEING.
  2221 | D:3      | 2221 ||| FLEEEEING.
  2222 | D:3      | 2222 ||| FLEEEEING.
  2223 | D:3      | 2223 ||| FLEEEEING.
  2224 | D:3      | 2224 ||| FLEEEEING.
  2225 | D:3      | 2225 ||| FLEEEEING.
  2226 | D:3      | 2226 ||| FLEEEEING.
  2227 | D:3      | 2227 ||| FLEEEEING.
  2228 | D:3      | 2228 ||| FLEEEEING.
  2229 | D:3      | 2229 ||| FLEEEEING.
  2686 | D:3      | 2686 ||| DROPPING scarf of invisibility.
  2687 | D:3      | 2687 ||| UPGRADING to amulet of guardian spirit.
  2692 | D:3      | 2692 ||| READING 3 scrolls of identify.
  2692 | D:3      | 2692 ||| IDENTIFYING purple potion
  2693 | D:3      | 2693 ||| READING 2 scrolls of identify.
  2693 | D:3      | 2693 ||| IDENTIFYING silvery potion
  2694 | D:3      | 2694 ||| READING scroll of identify.
  2694 | D:3      | 2694 ||| IDENTIFYING murky clear potion
  2726 | D:4      | Noticed Natasha
  2731 | D:4      | Reached XP level 6. HP: 33/35 MP: 8/8
  2731 | D:4      | 2731 ||| STAIRDANCE
  2736 | D:3      | Killed Natasha
  2784 | D:4      | Noticed Edmund
  2796 | D:4      | Killed Edmund
  2797 | D:4      | Reached skill level 10 in Ranged Weapons
  2873 | D:4      | Found a faded altar of an unknown god.
  2875 | D:4      | Found a hazy altar of Hepliaklqana.
  2892 | D:4      | Reached skill level 3 in Dodging
  2917 | D:4      | Found a sacrificial altar of Ru.
  2970 | D:4      | Noticed Sigmund
  2977 | D:4      | 2977 ||| DRINKING 3 potions of curing.
  2977 | D:4      | 2977 ||| (to cure confusion)
  2982 | D:4      | Killed Sigmund
  2983 | D:4      | Reached XP level 7. HP: 40/40 MP: 9/9
  3021 | D:4      | Reached skill level 11 in Ranged Weapons
  3026 | D:4      | Found the +1 Delatra's gloves {ID++}
  3159 | D:4      | Found a staircase to the Ecumenical Temple.
  3161 | D:4      | 3161 ||| PLANNING TEMPLE
  3161 | D:4      | 3161 ||| UPGRADING to +1 Delatra's gloves {ID++}.
  3166 | D:4      | 3166 ||| READING scroll labelled CAUMPUNNUIT.
  3173 | Temple   | Entered the Ecumenical Temple
  3174 | Temple   | 3174 ||| PLANNING D:1-11
  3275 | D:4      | Identified the scarf of Qazlal's Vengeance {harm, Int+7}
  3411 | D:4      | Reached XP level 8. HP: 44/44 MP: 10/10
  3435 | D:4      | 3435 ||| DROPPING scarf of Qazlal's Vengeance {harm,
                  | Int+7}.
  3436 | D:4      | 3436 ||| READING scroll labelled AMEUJUO ANOGE.
  3482 | D:5      | Entered Level 5 of the Dungeon
  3483 | D:5      | 3483 ||| PLANNING OSSUARY
  3487 | D:5      | Reached skill level 12 in Ranged Weapons
  3560 | D:5      | Found a sand-covered staircase.
  3561 | D:5      | 3561 ||| READING scroll labelled OHISIKK FOFI.
  3561 | D:5      | 3561 ||| ENCHANTING +0 ring mail.
  3569 | Ossuary  | Entered an ossuary
  3596 | Ossuary  | Reached skill level 3 in Fighting
  3733 | Ossuary  | 3733 ||| READING scroll labelled KOXUTI IBIFF.
  3792 | Ossuary  | 3792 ||| DRINKING 2 gluggy clear potions.
  3793 | Ossuary  | 3793 ||| DRINKING 4 puce potions.
  3794 | Ossuary  | 3794 ||| DROPPING potion of attraction.
  3819 | D:5      | 3819 ||| PLANNING D:1-11
  3885 | D:5      | 3885 ||| RETREEEEATING.
  3886 | D:5      | 3886 ||| RETREEEEATING.
  3887 | D:5      | 3887 ||| DRINKING 3 potions of haste.
  3908 | D:5      | Reached skill level 13 in Ranged Weapons
  3914 | D:5      | HP: 11/46 [poisoned by a killer bee]
  3920 | D:5      | HP: 7/46 [poisoned by a killer bee]
  4183 | D:5      | Found Epuroepp's Distillery.
  4191 | D:5      | 4191 ||| BUYING potion of curing (42 gold).
  4191 | D:5      | Bought a potion of curing for 42 gold pieces
  4191 | D:5      | 4191 ||| BUYING potion of curing (42 gold).
  4191 | D:5      | Bought a potion of curing for 42 gold pieces
  4191 | D:5      | 4191 ||| BUYING potion of enlightenment (70 gold).
  4191 | D:5      | Bought a potion of enlightenment for 70 gold pieces
  4191 | D:5      | 4191 ||| BUYING potion of haste (140 gold).
  4191 | D:5      | Bought a potion of haste for 140 gold pieces
  4251 | D:5      | Reached skill level 14 in Ranged Weapons
  4263 | D:5      | Reached XP level 9. HP: 40/50 MP: 8/11
  4384 | D:5      | Found a snail-covered altar of Cheibriados.
  4403 | D:5      | HP: 12/50 [burnt (4)]
  4785 | D:5      | Found an opulent altar of Gozag.
  4866 | D:5      | 4866 ||| READING 2 scrolls labelled XONYOR VUDU.
  4867 | D:5      | 4867 ||| READING scroll labelled PATOPT MERE.
  4867 | D:5      | Identified a scroll of acquirement
  4867 | D:5      | 4867 ||| ACQUIRING 478 gold pieces
  4867 | D:5      | Acquired 478 gold pieces
  4869 | D:5      | 4869 ||| DROPPING wand of flame (28).
  4900 | D:6      | 4900 ||| RETREEEEATING.
  5028 | D:6      | Found a blossoming altar of Fedhas.
  5048 | D:6      | Reached skill level 6 in Dodging
  5182 | D:6      | 5182 ||| DRINKING 3 potions of haste.
  5205 | D:6      | Found a hide-covered altar of Uskayaw.
  5241 | D:6      | HP: 13/52 [burnt (4)]
  5560 | D:6      | Found a glowing golden altar of the Shining One.
  5973 | D:6      | 5973 ||| UPGRADING to +2 scale mail of cold resistance.
  5983 | D:6      | 5983 ||| DROPPING +1 ring mail.
  5984 | D:6      | 5984 ||| READING 3 scrolls of identify.
  5984 | D:6      | 5984 ||| IDENTIFYING bubbling brown potion
  5985 | D:6      | 5985 ||| READING 2 scrolls of identify.
  5985 | D:6      | 5985 ||| IDENTIFYING amethyst potion
  5986 | D:6      | 5986 ||| READING scroll of identify.
  5986 | D:6      | 5986 ||| IDENTIFYING clear potion
  5987 | D:6      | 5987 ||| READING 2 scrolls labelled GEHODWAUDD.
  5988 | D:6      | 5988 ||| DROPPING potion of ambrosia.
  5989 | D:6      | 5989 ||| DROPPING potion of brilliance.
  5990 | D:6      | 5990 ||| DROPPING scroll of revelation.
  6113 | D:7      | 6113 ||| FLEEEEING.
  6114 | D:7      | 6114 ||| FLEEEEING.
  6125 | D:7      | Reached skill level 3 in Armour
  6194 | D:7      | 6194 ||| SWAPPING to +0 orcbow.
  6195 | D:7      | 6195 ||| DROPPING +5 sling of Punishment {elec, rN+}.
  6196 | D:7      | 6196 ||| READING scroll of enchant weapon.
  6196 | D:7      | 6196 ||| ENCHANTING +0 orcbow.
  6300 | D:7      | 6300 ||| RETREEEEATING.
  6301 | D:7      | 6301 ||| RETREEEEATING.
  6302 | D:7      | 6302 ||| RETREEEEATING.
  6303 | D:7      | 6303 ||| RETREEEEATING.
  6304 | D:7      | 6304 ||| RETREEEEATING.
  6305 | D:7      | 6305 ||| RETREEEEATING.
  6306 | D:7      | 6306 ||| RETREEEEATING.
  6307 | D:7      | 6307 ||| RETREEEEATING.
  6315 | D:7      | 6315 ||| DRINKING 2 potions of haste.
  6315 | D:7      | HP: 12/54 [gnoll sergeant/+0 spear (3)]
  6316 | D:7      | 6316 ||| READING 3 scrolls of teleportation.
  6316 | D:7      | HP: 3/54 [gnoll sergeant/+4 spear of distortion (9)]
  6316 | D:7      | Slain by a gnoll sergeant

Levels and vault maps discovered:
D:1:      dpeg_arrival_arbitrary_c, layout_basic, reono_crystal_passage
D:2:      layout_loops_ring, minmay_circle_x
D:3:      layout_basic, nicolae_dithmenos_shadow_blocks, serial_shops,
          nicolae_shop_back_alley_shop, shapermc_ecumenical_altar_acropolis,
          minmay_goblin_outpost, uniq_ijyb, uniq_crazy_yiuf_cottage,
          uniq_jessica
D:4:      kennysheep_six_static_rooms, layout_cave_pools,
          mainiacjoe_overflow_paths, beargit_hepliaklqana_dungeon_heroes,
          temple_statues, pf_guarded_unrand_delatra, uniq_sigmund, uniq_natasha
D:5:      layout_loops_ring, slow_altar_2, mainiacjoe_overflow_tiny_flanked,
          chequers_ossuary_entry_cave, serial_shops,
          nicolae_shop_tiny_statue_garden, minmay_manual_mullet
D:6:      layout_gridville, mainiacjoe_overflow_catwalk, tso_oasis_becter,
          mainiacjoe_overflow_chevrons
D:7:      layout_cave_pods, makhleb_altar_promises_db
Temple:   hellmonk_temple_micro_hex

Skill      XL: |  1  2  3  4  5  6  7  8  9 |
---------------+----------------------------+-----
Ranged Weapons | 6 7 8 9 10 11 14 | 14.5
Fighting       | 2 3 5 |  5.2
Dodging        | 3 4 7 |  7.1
Armour         | 2 3 |  3.2
Stealth        | |  1.2

Action                     |  1- 3 |  4- 6 |  7- 9 || total
---------------------------+-------+-------+-------++-------
   Fire: Shortbow          |   125 |    92 |       ||   217
         Sling             |       |    72 |   333 ||   405
         Orcbow            |       |       |    28 ||    28
    Use: Scroll            |     4 |     5 |    12 ||    21
         Potion            |     1 |     2 |     5 ||     8
 Armour: Leather armour    |     8 |       |       ||     8
         Ring mail         |    30 |    75 |    45 ||   150
         Skin              |     1 |       |       ||     1
         Scale mail        |       |       |    17 ||    17
  Dodge: Dodged            |    43 |    43 |    64 ||   150

Table legend:
 A = Non-vault XP
 B = Vault XP
 C = Vault XP percentage of total XP
 D = Non-vault monster count
 E = Vault monster count
 F = Vault count percentage of total count
                 A         B        C        D         E       F
            +---------+---------+-------+---------+---------+-------
      Total |    3356 |    1678 |  33.3 |     146 |      59 |  28.8
            +---------+---------+-------+---------+---------+-------
        D:1 |      49 |       0 |   0.0 |      28 |       0 |   0.0
        D:2 |      79 |      47 |  37.3 |      22 |      10 |  31.2
        D:3 |     111 |     117 |  51.3 |      16 |       8 |  33.3
        D:4 |     305 |     766 |  71.5 |      22 |      19 |  46.3
        D:5 |     994 |     592 |  37.3 |      23 |       6 |  20.7
        D:6 |    1204 |       0 |   0.0 |      26 |       0 |   0.0
        D:7 |     614 |       0 |   0.0 |       9 |       0 |   0.0
    Ossuary |       0 |     156 | 100.0 |       0 |      16 | 100.0
            +---------+---------+-------+---------+---------+-------
